AoeStats
← HR Pinkman

Arabia

508624299Analyzed
1v1 RM · 8d ago on Sep 23, 2026· 47m 21s· 2 players
Game mode
Random Map
Map size
Tiny (2 player)
Population
200
Speed
Normal
Resources
Standard
Victory
Conquest
Starting age
Dark Age
Ending age
Imperial Age
RankedLock teamsTeams togetherTeam positionsShared explorationLock speedFull tech treeHidden civsTurbo modeCheats
Victory
Defeat
🇨🇱 Berbers · Chile
2176
+17
🇲🇽 Khitans · Mexico
2187
-17
HR Pinkman
6:05 Loom
8:24 Feudal Age
9:17 Double-Bit Axe
9:43 Horse Collar
19:25 Castle Age
18:14 Forging
18:47 Bloodlines
19:23 Scale Barding Armor
21:26 Bow Saw
24:56 Heavy Plow
26:30 Wheelbarrow
32:33 Imperial Age
29:58 Fletching
30:37 Padded Archer Armor
30:43 Husbandry
30:48 Bodkin Arrow
31:35 Ballistics
32:05 Thumb Ring
32:45 Hand Cart
33:20 Chain Barding Armor
33:32 Bracer
34:54 Chemistry
35:01 Conscription
35:12 Leather Archer Armor
35:19 Town Watch
35:35 Light Cavalry
36:52 Plate Barding Armor
37:00 Masonry
37:45 Hussar
38:10 Elite Camel Archer
39:25 Ring Archer Armor
43:16 Iron Casting
47:15 Maghrebi Camels
iamkaito
6:19 Loom
8:51 Feudal Age
9:37 Double-Bit Axe
10:39 Domestication
15:39 Wheelbarrow
19:33 Castle Age
18:46 Forging
19:07 Scale Barding Armor
21:50 Husbandry
23:11 Pastoralism
26:03 Bow Saw
27:02 Sanctity
27:19 Gold Mining
28:03 Hand Cart
27:34 Town Watch
32:05 Imperial Age
30:09 Elite Skirmisher
30:52 Fletching
31:02 Padded Archer Armor
32:10 Iron Casting
32:10 Bodkin Arrow
33:16 Transhumance
33:33 Leather Archer Armor
33:20 Scale Mail Armor
33:21 Squires
33:40 Thumb Ring
34:51 Two-Man Saw
36:29 Bracer
37:00 Ring Archer Armor
36:55 Ballistics
36:35 Stone Mining
36:45 Elite Fire Lancer
39:45 Chemistry
39:16 Chain Mail Armor
40:09 Conscription
44:09 Plate Mail Armor
Connection lost

Rejoining the realm…

Still unreachable

The connection could not be restored.

Session expired

The server has moved on; the page needs a fresh start.